Description

Macro Roach Ravager Opening: http://www.teamliquid.net/forum/sc2-strategy/512894-macro-roach-ravager-opening-zvt

VOD

https://www.youtube.com/watch?v=ZoRYF8gp5Cc

Replay - Roach Ravager ZvT

Build Order

Get SALT Encoding   

  12  0:01  Drone  
  13  0:13  Overlord  
  13  0:18  Drone  
  14  0:31  Drone x2  
  16  0:38  Drone  
  17  0:52  Hatchery  
  17  0:55  Drone x2  
  18  1:09  Extractor  
  17  1:13  Spawning Pool  
  17  1:15  Drone x2  
  18  1:30  Drone  
  19  1:39  Overlord  
  20  1:59  Queen x2  
  23  2:01  Zergling x4  
  26  2:10  Metabolic Boost  
  29  2:22  Zergling x2  
  32  2:39  Queen  
  34  2:56  Overlord  
  35  3:03  Overlord  
  36  3:15  Overlord  
  43  3:22  Hatchery  
  42  3:28  Roach Warren  
  46  3:50  Extractor x2  
  50  4:04  Queen  
  54  4:16  Roach x3  
  60  4:24  Roach x4  
  68  4:33  Spore Crawler x2  
  68  4:36  Roach x2  
  67  4:45  Spore Crawler, Evolution Chamber x2  
  79  5:03  Extractor, Lair  
  81  5:17  Zerg Missile Weapons Level 1, Zerg Ground Armor Level 1  
  81  5:37  Extractor x2  
  91  6:06  Glial Reconstitution  
  91  6:09  Infestation Pit, Roach  
  122  6:35  Overseer  
  122  6:39  Hatchery  
  121  6:45  Pathogen Glands  
  121  6:46  Overseer  
  137  7:01  Ravager x5  
  146  7:24  Zerg Missile Weapons Level 2  
  146  7:26  Zerg Ground Armor Level 2  
  146  7:36  Extractor x2  
  146  8:03  Infestor x4  
  174  8:33  Infestor  
  192  8:56  Burrow  
  192  8:59  Ravager x4  
Spawning Tool Build Advisor. Get it on Overwolf

Go to:

Details

  • Created by: PiG      
  • Published on: Jun 08, 2017
  • Modified on: Jun 08, 2017
  • Patch: 3.8.0
Show
View Real Time Build Order
Export as new Build Order

Comments (1)

On Dec. 11, 2020, 6:37 p.m., afrAy  said:

Absolutely love it! I hadn't won a single game against an actual player who wasn't afk...until I used this build order against an all in Terran. He put up a good fight, but I had way more than enough resources to sustain and grow my army of Ravagers. (I also just learned wtf to actually do with infestors, so that's epic) THX A LOT!!!

Create an account to comment!